 Dungeon Crawl Stone Soup version 0.30-a0-591-g3c58d2bc28 (webtiles) character file.

Game seed: 13631219207999610708

2855 kae the Changer (level 9, -3/53 (59) HPs)
             Began as a Demonspawn Transmuter on Jan 5, 2023.
             Was an Initiate of Ru.
             Slain by a wight
             ... wielding a +4 war axe
              (13 damage)
             ... on level 7 of the Dungeon.
             The game lasted 00:08:14 (6026 turns).

kae the Changer (Demonspawn Transmuter)             Turns: 6026, Time: 00:08:15

HP:   -3/53 (59)    AC:  6    Str: 14    XL:     9   Next: 46%
MP:   17/17         EV: 12    Int: 16    God:    Ru [......]
Gold: 338           SH:  0    Dex: 15    Spells: 9/19 levels left

rFire   . . .      SeeInvis .    g - +8 trident "Peymuyte" {flame, rC- Str+2 Stlth+}
rCold   x . .      Faith    .    (no shield)
rNeg    . . .      Spirit   .    a - +1 robe
rPois   +          Reflect  .    (helmet restricted)
rElec   .          Harm     .    (no cloak)
rCorr   .          Rampage  .    (no gloves)
Will    .....                    (no boots)
Stlth   ++                       j - amulet of magic regeneration
HPRegen 0.28/turn                Y - +4 ring of slaying
MPRegen 0.55/turn                P - ring of poison resistance

@: heavily drained
A: antennae 1, molten scales 2, foul stench 1, powered by death 2
a: Renounce Religion, Sacrifice Durability, Sacrifice Stealth, Sacrifice Skill,
Reject Sacrifices


You were on level 7 of the Dungeon.
You worshipped Ru.
Ru was noncommittal.
You visited 2 branches of the dungeon, and saw 8 of its levels.

You collected 338 gold pieces.


Innate Abilities, Weirdness & Mutations

You have a pair of small antennae on your head.
You are mostly covered in molten scales. (AC +3)
You may rarely emit foul miasma when damaged in melee.
You regenerate health from kills.


   Skills:
 - Level 1.0 Fighting
 - Level 1.7 Dodging
 + Level 6.0 Unarmed Combat
 + Level 5.6 Spellcasting
 * Level 7.9 Transmutations
 - Level 5.0 Ice Magic
 - Level 1.0 Poison Magic


You had 9 spell levels left.
You knew the following spells:

 Your Spells              Type           Power      Damage    Failure   Level
a - Beastly Appendage     Tmut           58%        N/A       1%          1
b - Wereblood             Tmut           29%        N/A       1%          2
c - Spider Form           Tmut/Pois      18%        N/A       7%          3
d - Ice Form              Ice/Tmut       25%        N/A       10%         4

Your spell library contained the following spells:

 Spells                   Type           Power      Damage    Failure   Level
 Sting                    Tmut/Pois      72%        1d6       2%          1
 Poisonous Vapours        Pois/Air       12%        N/A       17%         2
 Cigotuvi's Dreadful Rot  Necr/Pois/Air  10%        N/A       19%         2
 Blink                    Tloc           8%         N/A       22%         2
 Momentum Strike          Conj/Tloc      8%         3d8       22%         2
 Lesser Beckoning         Tloc           8%         N/A       38%         3
 Olgreb's Toxic Radiance  Pois           7%         N/A       67%         4
 Dispel Undead            Necr           4%         3d7       80%         4
 Fireball                 Conj/Fire      2%         3d4       98%         5
 Iskenderun's Battlesphe  Conj           4%         2d6       98%         5
 Conjure Ball Lightning   Conj/Air       2%         3x3d6     100%        6
 Death Channel            Necr           2%         N/A       100%        6
 Orb of Destruction       Conj           2%         9d5       100%        7

Inventory:

Hand Weapons
 g - the +8 trident "Peymuyte" (weapon) {flame, rC- Str+2 Stlth+}
   (You found it on level 3 of the Dungeon)

   Str:       It affects your strength (+2).
   rC:        It makes you vulnerable to cold.
   Stlth:     It makes you more stealthy.
Missiles
 c - 53 stones
Armour
 a - a +1 robe (worn)
Magical Staves
 n - a staff of poison {!a}
   (You found it on level 5 of the Dungeon)
Jewellery
 j - an amulet of magic regeneration (around neck)
   (You found it on level 3 of the Dungeon)
 P - a ring of poison resistance (right hand)
   (You found it on level 4 of the Dungeon)
 Y - a +4 ring of slaying (left hand)
   (You found it on level 5 of the Dungeon)
Wands
 o - a wand of paralysis (4)
   (You took it off Ijyb on level 5 of the Dungeon)
 r - a wand of polymorph (12)
   (You took it off Edmund on level 6 of the Dungeon)
Scrolls
 e - a scroll of magic mapping {!r}
 m - a scroll of teleportation {@r4}
 s - a scroll of brand weapon
 t - 2 scrolls of blinking {!r}
 v - a scroll of enchant armour
Potions
 b - a potion of lignification {!q}
 d - 2 potions of brilliance
 f - a potion of degeneration {unknown}
 h - 2 potions of attraction {unknown}
 i - 3 potions of curing {@q1}
 k - 2 potions of cancellation {unknown}
 l - 3 potions of haste {unknown}
 p - a potion of heal wounds {@q2}
 q - 2 potions of ambrosia
 u - a potion of mutation {unknown}

Dungeon Overview and Level Annotations

Branches:
Dungeon (7/15) Zot: 26914  Temple (1/1) D:5 Zot: 5634

Altars:
Ashenzari
Cheibriados
Fedhas
Gozag
Hepliaklqana
Kikubaaqudgha
Makhleb
Nemelex Xobeh
Okawaru
Qazlal
Ru
Sif Muna
Trog
Uskayaw
Vehumet
Wu Jian
Xom
Yredelemnul

Annotations:
D:5 2 transporters, vianneychevalier's ghost, novice MiFi
D:6 3 runed translucent doors, Dirtsage's ghost, novice OpTm

..............#.........#
.......#####.............
........###..#####†.####.
........##..## #....
##.#..## ...... #....##
.####. #.)##### #.zz.z.#
##.####@# #..# #.....#
#.## ####..# #....z...#
..# #####.##..... .# #.#
.... .. ..# ### # .## .


You could see 3 wights.


Message History

The scorpion closely misses you.
The scorpion stings you but does no damage.
You hit the scorpion but do no damage.
The scorpion closely misses you. 😕 HP[+1]
A scorpion is nearby!
You puncture the scorpion! You burn the scorpion.
You kill the scorpion!
No target in view! 😎 HP[+1]
Your hp is fully restored (59).
v - a scroll of enchant armour No target in view!
No target in view!
A wight comes into view. It is wielding a +3 spear.
A water moccasin comes into view.
There are monsters nearby!
Unknown command.
There are monsters nearby!
You reach to attack!
The helpless water moccasin fails to defend itself.
You puncture the water moccasin! You burn the water moccasin.
The water moccasin bites you!
You emit a cloud of foul miasma!
You puncture the water moccasin! You burn the water moccasin.
You kill the water moccasin! 😕 HP[-6]
You take 6 damage, and now have 53/59 hp.
A wight is nearby!
You reach to attack!
You barely miss the wight.
The wight hits you from afar with a +3 spear.
You feel drained.
The wight hits you from afar with a +3 spear.
You reach to attack!
You hit the wight. You burn the wight.
The wight hits you from afar with a +3 spear.
You feel drained. 😕 HP[-8]
You now have 55 max hp (-4).
You take 8 damage, and now have 45/55 hp.
You reach to attack!
You puncture the wight! You burn the wight.
You destroy the wight!
Your Unarmed Combat skill increases to level 6!
No target in view! 😕 HP[+1]
You now have 56 max hp (+1).
No target in view!
No target in view!
No target in view!
No target in view!
Unknown command. 😕 HP[+1] Unknown command.
Unknown command.
A wight comes into view. It is wielding a +5 great sword.
Things that are here:
a +3 spear; a +0 robe A wight is nearby!
Unknown command.
A wight is nearby!
A wight is nearby! 2 wights come into view. 😕 HP[+1]
You hit the wight but do no damage. The wight closely misses you.
The wight hits you with a +0 dagger.
You feel drained.
You puncture the wight! You burn the wight.
The wight hits you with a +0 dagger.
You feel drained. 😕 HP[-5]
You now have 54 max hp (-2).
You take 5 damage, and now have 43/54 hp.
The wight attacks as you move away! The wight misses you.
The wight attacks as you move away! The wight barely misses you. 😕 HP[+1]
The wight attacks as you move away!
The wight hits you with a +4 war axe! 😮 HP[-8]
You take 8 damage, and now have 36/54 hp.
The wight attacks as you move away! The wight barely misses you. 😮 HP[+1]
You are too injured to fight recklessly!
You are too injured to fight recklessly!
You closely miss the wight. The wight hits you with a +4 war axe!
* * * LOW HITPOINT WARNING * * *
😨 HP[-14]
You take 14 damage, and now have 23/54 hp.
MASSIVE DAMAGE!! (PAUSE) Unknown command.
You completely miss the wight. The wight hits you with a +4 war axe.
* * * LOW HITPOINT WARNING * * *
The wight hits you with a +4 war axe!
* * * LOW HITPOINT WARNING * * *
You feel drained.
* * * LOW HITPOINT WARNING * * *
😱 HP[-14]
You now have 53 max hp (-1).
You take 14 damage, and now have 9/53 hp.
MASSIVE DAMAGE!! (PAUSE)
Okay, then.
The wight attacks as you move away! The wight barely misses you. 😱 HP[+1]
The wight attacks as you move away! The wight hits you with a +4 war axe!
You die...

Skill      XL: |  1  2  3  4  5  6  7  8  9 |
---------------+----------------------------+-----
Transmutations | 2 3 4 5 6 7 |  7.9
Unarmed Combat | 3 4 5 6 |  6.0
Poison Magic   | 1 |  1.0
Spellcasting   | 3 4 5 |  5.6
Ice Magic      | 1 3 4 5 |  5.0
Fighting       | |  1.0
Dodging        | |  1.7

Action                   |  1- 3 |  4- 6 |  7- 9 || total
-------------------------+-------+-------+-------++-------
Melee: Unarmed           |   116 |    84 |    88 ||   288
       Kick              |    20 |    20 |       ||    40
       Punch             |       |     2 |     2 ||     4
       Trident           |       |    64 |   151 ||   215
 Cast: Beastly Appendage |    15 |    19 |       ||    34
       Spider Form       |     1 |     2 |     4 ||     7
       Ice Form          |       |       |     8 ||     8
  Use: Scroll            |     5 |     5 |     4 ||    14
       Potion            |       |     1 |     1 ||     2
 Stab: Sleeping          |     1 |     4 |     6 ||    11
       Distracted        |       |     1 |       ||     1
Armor: Robe              |    16 |    34 |    61 ||   111
       Skin              |     1 |     4 |    30 ||    35
Dodge: Dodged            |    70 |    79 |   175 ||   324

Levels and vault maps discovered:
D:1:      amcnicky_arrival_double_pillar, layout_rooms,
          shapermc_ecumenical_altar_gd
D:2:      cheibrodos_pilgrimage, layout_basic, basic_altar
D:3:      kennysheep_slugbush, layout_loops_ring, uniq_grinder, uniq_terence
D:4:      layout_loops_cross, serial_demonic, serial_demonic_c,
          serial_demonic_g, serial_demonic_g, serial_demonic_d,
          serial_demonic_a, serial_demonic_f, minmay_misc_feat_hallway,
          uniq_eustachio
D:5:      layout_rooms, xom_confusion_cloud, nemelex_dance_club_becter,
          minmay_temple_entry_gardened_gates, gammafunk_ghost_gnarly_gnolls,
          hangedman_abyss_or_decor_lesser_grid, uniq_ijyb
D:6:      layout_basic, nicolae_yredelemnul_ghost_church,
          chequers_temple_overflow_minitemple, uniq_edmund
D:7:      layout_rooms, ebering_ghost_disaster_area
Temple:   oiseaux_autumnal_temple

Notes
Turn   | Place    | Note
-------+----------+-------------------------------------------
     0 | D:1      | kae the Demonspawn Transmuter began the quest for the Orb.
     0 | D:1      | Reached XP level 1. HP: 15/15 MP: 3/3
     0 | D:1      | magus.rc [v1.11.3]
    78 | D:1      | Reached skill level 2 in Transmutations
    98 | D:1      | Lost mutation: You have a pair of horns on your head.
                  | [demonic ancestry]
    98 | D:1      | Lost mutation: You have a pair of small horns on your head.
                  | [demonic ancestry]
    98 | D:1      | Gained mutation: You have a pair of small antennae on your
                  | head. [demonic ancestry]
    98 | D:1      | Reached XP level 2. HP: 21/21 MP: 3/5
   524 | D:1      | Reached skill level 3 in Unarmed Combat
   540 | D:1      | Found a faded altar of an unknown god.
   576 | D:1      | Gained mutation: You regenerate a little health from kills.
                  | [demonic ancestry]
   576 | D:1      | Reached XP level 3. HP: 20/26 MP: 4/6
   579 | D:1      | Learned a level 2 spell: Wereblood
   583 | D:1      | Learned a level 3 spell: Spider Form
   726 | D:2      | You pick up a book of Changes and begin reading...
   874 | D:2      | Reached skill level 3 in Transmutations
   874 | D:2      | Gained mutation: You regenerate health from kills. [demonic
                  | ancestry]
   874 | D:2      | Reached XP level 4. HP: 32/32 MP: 4/7
   880 | D:2      | Reached skill level 1 in Poison Magic
  1014 | D:2      | Found an opulent altar of Gozag.
  1665 | D:3      | Reached XP level 5. HP: 37/37 MP: 7/9
  1668 | D:3      | Noticed Grinder
  1765 | D:3      | Identified the +8 trident "Peymuyte" {flame, rC- Str+2
                  | Stlth+}
  1779 | D:3      | Paralysed by Grinder for 4 turns
  1786 | D:3      | Paralysed by Grinder for 3 turns
  1794 | D:3      | Paralysed by Grinder for 2 turns
  1803 | D:3      | Killed Grinder
  1804 | D:3      | Reached skill level 3 in Spellcasting
  1804 | D:3      | Reached skill level 4 in Transmutations
  1804 | D:3      | Gained mutation: You may rarely emit foul miasma when
                  | damaged in melee. [demonic ancestry]
  1804 | D:3      | Reached XP level 6. HP: 30/43 MP: 9/11
  1866 | D:3      | You pick up a book of the Spheres and begin reading...
  1866 | D:3      | You add the spells Iskenderun's Battlesphere, Fireball,
                  | Conjure Ball Lightning and Orb of Destruction to your
                  | library.
  2076 | D:3      | Reached skill level 4 in Unarmed Combat
  2081 | D:3      | Noticed Terence
  2090 | D:3      | Killed Terence
  2097 | D:3      | Learned a level 4 spell: Ice Form
  2387 | D:4      | Reached skill level 1 in Ice Magic
  2402 | D:4      | Gained mutation: You are partially covered in molten
                  | scales. (AC +2) [demonic ancestry]
  2402 | D:4      | Reached XP level 7. HP: 47/48 MP: 12/12
  2431 | D:4      | Noticed Eustachio
  2461 | D:4      | Killed Eustachio
  2462 | D:4      | Reached skill level 5 in Transmutations
  2462 | D:4      | HP: 11/48 [poisoned by Eustachio]
  2467 | D:4      | HP: 12/48 [poisoned by Eustachio]
  2694 | D:4      | Reached skill level 2 in Ice Magic
  2794 | D:4      | Reached skill level 4 in Spellcasting
  2906 | D:4      | You pick up a book of Decay and begin reading...
  2906 | D:4      | You add the spells Cigotuvi's Dreadful Rot, Dispel Undead
                  | and Death Channel to your library.
  2982 | D:4      | HP: 12/48 [white imp (4)]
  2986 | D:4      | HP: 1/48 [white imp (7)]
  3223 | D:4      | You pick up a book of Spatial Translocations and begin
                  | reading...
  3223 | D:4      | You add the spells Blink, Momentum Strike and Lesser
                  | Beckoning to your library.
  3262 | D:4      | Reached skill level 3 in Ice Magic
  3262 | D:4      | Reached XP level 8. HP: 40/54 MP: 9/14
  3262 | D:4      | HP: 16/64 [ogre/+0 giant club (25)]
  3605 | D:5      | Entered Level 5 of the Dungeon
  3606 | D:5      | Noticed Ijyb
  3613 | D:5      | Paralysed by Ijyb for 5 turns
  3620 | D:5      | Paralysed by Ijyb for 3 turns
  3624 | D:5      | Killed Ijyb
  3687 | D:5      | Reached skill level 6 in Transmutations
  3736 | D:5      | Found a staircase to the Ecumenical Temple.
  3828 | Temple   | Entered the Ecumenical Temple
  4157 | Temple   | Became a worshipper of Ru the Awakened
  4232 | D:5      | Found a transporter.
  4292 | D:5      | Reached skill level 5 in Unarmed Combat
  4292 | D:5      | Reached skill level 4 in Ice Magic
  4294 | D:5      | Found a sparkling altar of Nemelex Xobeh.
  4513 | D:5      | Found a transporter.
  4521 | D:5      | Identified the +5 spear "Onaugun" {elec, Stlth+}
  4521 | D:5      | Identified the +0 kite shield of Patience {Contam rF+ rC++
                  | rN+}
  4543 | D:5      | Found a shimmering altar of Xom.
  4642 | D:5      | Noticed vianneychevalier's ghost (novice MiFi)
  4775 | D:6      | You add the spells Sting, Poisonous Vapours and Olgreb's
                  | Toxic Radiance to your library.
  4873 | D:6      | Noticed Edmund
  4881 | D:6      | Killed Edmund
  5005 | D:6      | Reached skill level 5 in Spellcasting
  5005 | D:6      | Gained mutation: You are mostly covered in molten scales.
                  | (AC +3) [demonic ancestry]
  5005 | D:6      | Reached XP level 9. HP: 59/59 MP: 16/16
  5233 | D:6      | Found a runed translucent gate.
  5233 | D:6      | Found a runed translucent gate.
  5233 | D:6      | Found a runed translucent gate.
  5233 | D:6      | Noticed Dirtsage's ghost (novice OpTm)
  5235 | D:6      | Found a basalt altar of Yredelemnul.
  5242 | D:6      | Reached skill level 7 in Transmutations
  5242 | D:6      | Reached skill level 5 in Ice Magic
  5505 | D:6      | Found an ornate altar of the Wu Jian Council.
  5505 | D:6      | Found an ancient bone altar of Kikubaaqudgha.
  5512 | D:6      | Found a radiant altar of Vehumet.
  5514 | D:6      | Found an opulent altar of Gozag.
  6009 | D:7      | Reached skill level 6 in Unarmed Combat
  6024 | D:7      | HP: 11/54 [wight/+4 war axe (7)]
  6026 | D:7      | Slain by a wight

Vanquished Creatures
  Grinder (D:3)
  Eustachio (D:4)
  Edmund (D:6)
  2 water moccasins
  3 black bears
  2 ice beasts (D:6)
  3 ogres
  A centaur (D:5)
  3 phantoms
  2 bullfrogs
  A scorpion (D:7)
  A water moccasin zombie (D:6)
  A wight (D:7)
  A howler monkey (D:6)
  A bullfrog zombie (D:6)
  3 hounds
  A quasit (D:4)
  2 jellies (D:5)
  4 orc priests
  Ijyb (D:5)
  3 iguanas
  2 orc wizards
  Terence (D:3)
  3 gnolls (D:5)
  5 adders
  4 shadow imps
  5 white imps
  10 ufetubi
  2 worms
  11 dart slugs (D:3)
  18 orcs
  13 ball pythons
  8 endoplasms
  A giant cockroach (D:1)
  13 goblins
  8 hobgoblins
  5 jackals
  6 kobolds
  A quokka (D:1)
  5 bats
  2 frilled lizards (D:1)
  4 rats (D:1)
165 creatures vanquished.

Vanquished Creatures (others)
  An ogre (D:5)
  A scorpion (D:5)
  2 iguanas (D:5)
  13 demonic plants
  7 plants (D:5)
24 creatures vanquished.

Grand Total: 189 creatures vanquished

Table legend:
 A = Non-vault XP
 B = Vault XP
 C = Vault XP percentage of total XP
 D = Non-vault monster count
 E = Vault monster count
 F = Vault count percentage of total count
                 A         B        C        D         E       F
            +---------+---------+-------+---------+---------+-------
      Total |    2796 |    1283 |  31.5 |     121 |      45 |  27.1
            +---------+---------+-------+---------+---------+-------
        D:1 |      46 |       0 |   0.0 |      28 |       0 |   0.0
        D:2 |      42 |      97 |  69.8 |      21 |       7 |  25.0
        D:3 |     121 |     380 |  75.8 |      20 |      15 |  42.9
        D:4 |     434 |     318 |  42.3 |      16 |      11 |  40.7
        D:5 |     754 |     205 |  21.4 |      18 |       9 |  33.3
        D:6 |     870 |     283 |  24.5 |      13 |       3 |  18.8
        D:7 |     529 |       0 |   0.0 |       5 |       0 |   0.0
            +---------+---------+-------+---------+---------+-------

Illustrated notes

Table legend:
 A = Kills in this place as a percentage of kills in entire the game.
 B = Kills by you in this place as a percentage of kills by you in the entire game.
 C = Kills by friends in this place as a percentage of kills by friends in the entire game.
 D = Other kills in this place as a percentage of other kills in the entire game.
 E = Experience gained in this place as a percentage of experience gained in the entire game.
 F = Experience gained in this place divided by the number of levels of this place that you have seen.
                   A       B       C       D       E      F
               +-------+-------+-------+-------+-------+----------------------
         Total | 100.0 | 100.0 |   N/A | 100.0 | 100.0 | 509.9
       Dungeon | 100.0 | 100.0 |   N/A | 100.0 | 100.0 | 582.7
               +-------+-------+-------+-------+-------+----------------------

Table legend: (Time is in decaauts)
 A = Elapsed time spent in this place.
 B = Non-inter-level travel time spent in this place.
 C = Inter-level travel time spent in this place.
 D = Time resting spent in this place.
 E = Time spent auto-exploring this place.
 F = Levels seen in this place.
 G = Mean time per level.
                   A        B        C        D        E       F      G
               +--------+--------+--------+--------+--------+-----+--------+
         Total |   6102 |   5797 |    305 |    123 |   4272 |   8 |  762.8 |
       Dungeon |   5736 |   5489 |    247 |    123 |   3977 |   7 |  819.4 |
        Temple |    366 |    308 |     58 |      0 |    295 |   1 |  366.0 |
               +--------+--------+--------+--------+--------+-----+--------+

Top non-repeatable levels by time:
     D:6: 1196 daAuts
     D:4: 1081 daAuts
     D:3: 1023 daAuts
     D:2: 843 daAuts
     D:5: 811 daAuts
     D:1: 695 daAuts
  Temple: 366 daAuts
     D:7: 85 daAuts
